 Dungeon Crawl Stone Soup version 0.21-a0-513-gdcb3f5e (webtiles) character file.

0 Gerstahl the Vexing (level 1, -4/19 HPs)
             Began as a Naga Wanderer on Dec 3, 2017.
             Slain by a gnoll
             ... wielding a +0 spear
              (5 damage)
             ... on level 1 of the Dungeon.
             The game lasted 00:01:53 (117 turns).

Gerstahl the Vexing (Naga Wanderer)                  Turns: 117, Time: 00:01:54

Health: -4/19      AC:  1    Str: 17    XL:     1   Next: 10%
Magic:  1/1        EV:  9    Int:  9    God:
Gold:   0          SH:  0    Dex: 10    Spells: 0/0 levels left

rFire    . . .     SeeInvis +   c - +0 hand crossbow
rCold    . . .     Gourm    .   (no shield)
rNeg     . . .     Faith    .   e - +0 robe
rPois    +         Spirit   .   (no helmet)
rElec    .         Reflect  .   (no cloak)
rCorr    .         Harm     .   (no gloves)
MR       .....                  (no barding)
Stlth    ++........             (no amulet)
HPRegen  0.06/turn              (no ring)
MPRegen  0.07/turn              (no ring)

@: very slow
A: large, see invisible, deformed body, poison resistance, slowness 2, slow
metabolism 1, spit poison 1, AC +0
a: Spit Poison


You were on level 1 of the Dungeon.
You were not hungry.

You visited 1 branch of the dungeon, and saw 1 of its levels.

Inventory:

Hand Weapons
 c - a +0 hand crossbow (weapon)
Missiles
 d - 27 bolts (quivered)
Armour
 e - a +0 robe (worn)
Scrolls
 g - a scroll of remove curse {unknown}
Books
 a - a book of Maledictions

   Spells                             Type                      Level
   a - Corona                         Hexes                        1
   b - Ensorcelled Hibernation        Hexes/Ice                    2
   c - Confuse                        Hexes                        3
   d - Tukima's Dance                 Hexes                        3
   e - Dazzling Spray                 Conjuration/Hexes            3
 b - Juiq Upt's Guide on Flight

   Spells                             Type                      Level
   a - Shock                          Conjuration/Air              1
   b - Static Discharge               Conjuration/Air              3
Comestibles
 f - a bread ration


   Skills:
 - Level 2.0 Fighting
 + Level 1.0 Crossbows
 - Level 1.0 Throwing
 - Level 1.5 Armour
 + Level 1.6 Stealth
   Level 3.0 Hexes


You couldn't memorise any spells.
You didn't know any spells.

Dungeon Overview and Level Annotations

Branches:
Dungeon (1/15)

Altars:


Innate Abilities, Weirdness & Mutations

You cannot wear boots.
Your serpentine skin is tough. (AC +0)
You have supernaturally acute eyesight. (SInv)
Armour fits poorly on your strangely shaped body.
Your system is resistant to poisons. (rPois)
You cover ground very slowly.
You have a slow metabolism.
You can spit poison.


Message History

Found 12 arrows.
You see here a bolt.
Press: ? - help, Shift-Dir - straight line, f - gnoll
Aim: a gnoll, wielding a spear The splash of poison misses the gnoll.
You feel slightly more hungry. The gnoll hits you with a spear.
Really attack while wielding your +0 hand crossbow? [Y]es or [N]o only, please.
Really attack while wielding your +0 hand crossbow?
Okay, then.
d - 27 bolts (gained 1)
The gnoll hits you but does no damage.
You have got your breath back.
The gnoll closely misses you. The gnoll barely misses you.
The gnoll hits you from afar with a spear!
* * * LOW HITPOINT WARNING * * *
The gnoll barely misses you.
The gnoll hits you from afar with a spear.
You die...

# ##.### ###......
#######...#..?.
#(......##..#
#.#####....#
######g# #..####
#...@..# #.##
#.###### ##.# ##..#
..#####..##########
..................[
..#####.###########
#..# ...## ####


You could see a gnoll.

Vanquished Creatures
  A rat (D:1)
1 creature vanquished.

Notes
Turn   | Place    | Note
-------+----------+-------------------------------------------
     0 | D:1      | Gerstahl the Naga Wanderer began the quest for the Orb.
     0 | D:1      | Gerstahl set off with: a book of Maledictions, Juiq Upt's Guide on Flight, a +0 hand crossbow, 28 bolts, a +0 robe, a bread ration
     0 | D:1      | Reached XP level 1. HP: 19/19 MP: 1/1
     0 | D:1      | Identified Juiq Upt's Guide on Flight
     2 | D:1      | Noticed a naga
     2 | D:1      | Noticed a dwarf
     4 | D:1      | Noticed a ghoul
     4 | D:1      | Noticed a centaur
     6 | D:1      | Noticed an ogre
    10 | D:1      | Noticed a formicid
    10 | D:1      | Noticed a felid
    12 | D:1      | Noticed a draconian
    12 | D:1      | Noticed a troll
    14 | D:1      | Noticed a halfling
    14 | D:1      | Noticed a demigod
    16 | D:1      | Noticed a minotaur
    16 | D:1      | Noticed a vine stalker
    18 | D:1      | Noticed a tengu
    18 | D:1      | Noticed a demonspawn
    20 | D:1      | Noticed an elf
    20 | D:1      | Noticed a gargoyle
    22 | D:1      | Noticed a human
    22 | D:1      | Noticed a merfolk
    24 | D:1      | Noticed a vampire
    26 | D:1      | Noticed an octopode
    26 | D:1      | Noticed a spriggan
   117 | D:1      | Slain by a gnoll

Vault maps used:
D:1:      kb_arrival_jail, minmay_split_cup_small

Action                   || total
-------------------------++-------
 Fire: Hand crossbow     ||     5
 Abil: Spit Poison       ||     1
Armor: Robe              ||     1
Dodge: Dodged            ||     6

Table legend:
 A = Spawn XP
 B = Non-spawn XP
 C = Spawn XP percentage of total XP
 D = Spawn monster count
 E = Non-spawn monster count
 F = Spawn count percentage of total count
 G = Total turns spent on level
                    A         B        C        D         E        F      G
               +---------+---------+-------+---------+---------+-------+---------
         Total |       0 |       1 |   0.0 |       0 |       1 |   0.0 |   117
               +---------+---------+-------+---------+---------+-------+---------
           D:1 |       0 |       1 |   0.0 |       0 |       1 |   0.0 |   117
               +---------+---------+-------+---------+---------+-------+---------
